Match 35379034
Unlisted

Match 35379034
End
Vickers Machine Gun Team
Selects Air and Sea Battlegroup
Vickers Machine Gun Team
Royal Engineer Section
Construct Section Command Post
Royal Engineer Section
Selects Supply Surplus
Construct Platoon Command Post
Selects Supply Surplus
Construct Field Infirmary
Forward Retreat Point
6-pounder Anti-tank Gun Team
Infantry Training
Selects Commando Section Paradrop
Selects Commando Support Section Paradrop
Commando Section Paradrop
Commando Support Section Paradrop
Commando Section Paradrop
6-pounder Anti-tank Gun Team
Construct Resource Cache
Team Weapon Training
HIBBLE
ZmiO
Gear-IV-G
ForestJun
水银灯
ratharano
Hudkey
月光光心慌慌
0
0

Comments sign in to comment!

No comments posted yet!